 Dungeon Crawl Stone Soup version 0.30-b1-2-g02819fbbbe (webtiles) character file.

Game seed: 444273733047968341

40 MisterFreud the Ducker (level 3, -1/17 HPs)
             Began as a Felid Berserker on July 1, 2023.
             Was a Believer of Trog.
             Slain by a worm (10 damage)
             ... on level 2 of the Dungeon.
             The game lasted 00:01:51 (1115 turns).

MisterFreud the Ducker (Felid Berserker)            Turns: 1115, Time: 00:01:52

Health: -1/17      AC:  1    Str: 13    XL:     3   Next: 30%
Magic:  4/4        EV: 18    Int:  8    God:    Trog [**....]
Gold:   108        SH:  0    Dex: 17    Spells: 2/2 levels left
                                        Lives:  0   Deaths: 0

rFire   . .          .
                       - Unarmed
rCold   . . .        (shield unavailable)
rNeg    . . .        (body armour unavailable)
rPois   .            (helmet unavailable)
rElec   .            (cloak unavailable)
rCorr   .            (gloves unavailable)
SInv    +            (boots unavailable)
Will    .....        (no amulet)
Stlth   ++           (no ring)
HPRegen 0.22/turn    (no ring)
MPRegen 0.09/turn

%: no passive effects
@: quick
A: very small, claws 1, fangs 3, see invisible, speed 1, shaggy fur 1, stealthy
paws, no weapons or thrown items, no armour, multi-lived
a: Renounce Religion, Berserk, Trog's Hand


You were on level 2 of the Dungeon.
You worshipped Trog.
Trog was pleased with you.
You visited 1 branch of the dungeon, and saw 2 of its levels.

You collected 108 gold pieces.

Inventory:

Scrolls
 c - a scroll of identify {unknown}
Potions
 a - a potion of might {unknown}
 b - 2 potions of degeneration {unknown}
 d - a potion of attraction {unknown}
 e - a potion of flight {unknown}


   Skills:
 - Level 3.0 Fighting
 - Level 4.0 Dodging
 + Level 3.0 Stealth
 + Level 3.7 Unarmed Combat


You had 2 spell levels left.
You didn't know any spells.
Your spell library was empty.

Dungeon Overview and Level Annotations

Branches:
Dungeon (2/15)

Altars:


Innate Abilities, Weirdness & Mutations

You have sharp claws.
You have razor-sharp teeth.
You have supernaturally acute eyesight. (SInv)
You cover ground quickly. (Speed+)
You are covered in fur. (AC +1)
Your paws help you pounce on unaware monsters.
You are incapable of wielding weapons or throwing items.
You cannot wear armour.
You gain extra lives every three experience levels.


Message History

The ball python closely misses you. The ball python grabs you.
The ball python constricts you.
You claw the ball python!
You kill the ball python!
Trog accepts your kill.
A worm comes into view.
The kobold hits you with a +0 short sword.
There are monsters nearby!
You miss the kobold.
The kobold is severely wounded.
The kobold hits you with a +0 short sword.
There are monsters nearby!
You are too injured to fight recklessly!
There are monsters nearby!
You are too injured to fight recklessly!
You closely miss the kobold. Your bite misses the kobold.
The kobold is severely wounded.
The kobold misses you.
You scratch the kobold but do no damage.
The kobold is severely wounded.
The kobold closely misses you.
You closely miss the kobold. You bite the kobold.
You kill the kobold!
Trog accepts your kill.
You start resting.
A goblin is nearby!
You closely miss the goblin. The goblin hits you with a +0 club.
You scratch the goblin.
You kill the goblin!
Trog accepts your kill.
You start resting.
A worm is nearby!
A worm is nearby!
You claw the worm!
The worm is heavily wounded.
You claw the worm! Your bite misses the worm.
The worm is almost dead.
The worm bites you!
Ouch! That really hurt!
You die...

+.†........##.# #
######w.#####.###### #
#...g...#.##...# #
#.#...#.#)##...#######
...###...#............#
#... ##)..#.....#####.#
..... ##...............
#.....######.#............
#... +..@w...............
######.######.######
######.)# #.......
#.......## #.......
#........####.......
#...........#.######
#.......###.#.# #.
#.......###.#'## #.
#.......##.....####.


You could see a worm.

Vanquished Creatures
  4 ball pythons
  3 endoplasms
  4 giant cockroaches (D:1)
  7 goblins
  5 hobgoblins (D:1)
  A quokka (D:1)
  2 bats (D:1)
  A frilled lizard (D:1)
  7 kobolds
  A rat (D:1)
35 creatures vanquished.

Notes
Turn   | Place    | Note
-------+----------+-------------------------------------------
     0 | D:1      | MisterFreud the Felid Berserker began the quest for the
                  | Orb.
     0 | D:1      | Reached XP level 1. HP: 10/10 MP: 2/2
    83 | D:1      | Reached skill level 1 in Stealth
   165 | D:1      | Reached XP level 2. HP: 14/14 MP: 3/3
   513 | D:1      | Reached ** piety under Trog
   524 | D:1      | Reached XP level 3. HP: 10/17 MP: 4/4
  1115 | D:2      | Slain by a worm

Illustrated notes

Levels and vault maps discovered:
D:1:      saegor_arrival_under_anarchy, layout_loops_ring, serial_glass,
          glass_columns_c, glass_columns_c, glass_columns_b, glass_columns_a,
          glass_columns_b, glass_columns_a, fountainhead, minmay_ruptured
D:2:      layout_basic, grunt_ministairs_15

Skill      XL: |  1  2  3 |
---------------+----------+-----
Stealth        | 1 2 3 |  3.0
Fighting       | |  3.0
Dodging        | |  4.0
Unarmed Combat | |  3.7

Action                     || total
---------------------------++-------
  Melee: Unarmed           ||   105
         Bite              ||     5
         Punch             ||     4
    Use: Scroll            ||     3
   Stab: Sleeping          ||     2
 Armour: Skin              ||     5
  Dodge: Dodged            ||    76
